Map: Acropolis LE

Players

Ziggy

  • Race: Terran Terran
  • Spawn Location: 5:00

Denver - Winner!

  • Race: Zerg Zerg
  • Spawn Location: 11:00

VOD

Have the link to the VOD?

Description

Time

  • Played on: Sept. 6, 2019, 1:18 p.m.
  • Length: 5:49
Show
View Real Time Build Order
Export as new Build Order

Ziggy Terran 

Build Orders:  

Get SALT Encoding   

  12  0:00  SCV  
  13  0:12  SCV  
  14  0:19  Supply Depot  
  14  0:25  SCV  
  15  0:41  Barracks  
  15  0:53  Barracks  
  15  1:01  SCV  
  16  1:12  Barracks  
  16  1:16  SCV  
  17  1:27  Marine  
  17  1:31  Orbital Command  
  18  1:40  Marine  
  18  1:44  Supply Depot  
  18  1:45  Marine  
  20  1:57  Marine  
  20  1:59  Marine  
  22  2:03  Marine  
  23  2:08  Bunker  
  23  2:15  Marine, Refinery  
  24  2:23  Bunker  
  24  2:26  Marine  
  24  2:27  Marine  
  26  2:30  Refinery  
  26  2:34  SCV  
  26  2:35  Marine  
  28  2:50  Supply Depot  
  28  2:55  Marine x2  
  27  3:05  Marine  
  25  3:13  Marine x2  
  26  3:28  Factory  
  26  3:38  SCV  
  26  3:50  SCV  
  27  4:02  Bunker, SCV  
  28  4:11  Factory Tech Lab  
  28  4:14  SCV  
  28  4:15  Starport  
  28  4:26  SCV  
  28  4:31  Cyclone  
  32  4:38  SCV  
  33  4:48  Supply Depot  
  33  4:50  SCV  
  33  4:52  Starport Tech Lab  
  34  5:02  SCV  
  34  5:03  Siege Tank  
Show
View Real Time Build Order
Export as new Build Order

Denver Zerg - Winner!

Build Orders: Pool First, Ravager All-In 

Get SALT Encoding   

  12  0:00  Drone  
  13  0:12  Overlord  
  13  0:17  Drone  
  14  0:30  Drone x2  
  16  0:36  Drone  
  17  0:44  Extractor  
  17  0:45  Spawning Pool  
  17  0:48  Drone  
  16  0:58  Drone  
  17  1:13  Hatchery  
  17  1:18  Drone  
  17  1:31  Queen  
  19  1:34  Zergling x2  
  20  1:40  Overlord  
  20  1:45  Drone  
  21  1:56  Drone  
  22  2:07  Queen  
  24  2:12  Drone  
  25  2:16  Drone  
  26  2:26  Roach Warren  
  26  2:28  Zergling x4  
  27  2:32  Zergling x2, Spine Crawler  
  27  2:40  Overlord  
  23  3:06  Roach x5  
  23  3:11  Roach  
  35  3:17  Extractor  
  34  3:20  Roach  
  36  3:28  Ravager x2, Overlord  
  38  3:49  Ravager  
  38  3:52  Overlord  
  38  3:54  Roach x2  
  43  4:05  Overlord, Roach  
  45  4:18  Drone  
  45  4:19  Drone x3  
  49  4:27  Ravager x2  
  51  4:32  Overlord  
  51  4:52  Hatchery  
  50  4:55  Ravager  
  51  5:05  Drone x3  
  54  5:16  Ravager x2  
  54  5:18  Drone x3  
  59  5:29  Overlord  
  59  5:31  Ravager  
Tags
 
Add a new tag
Caveats
  • Supply blocks, unpowered buildings, or Contaminate may cause inaccurate times.
  • Supply counts are checked every 10 seconds.